 Dungeon Crawl Stone Soup version 0.28-a0-10-g964c8b829e (webtiles) character file.

Game seed: 1645982906324360450

1302 HAL9000 the Chucker (level 8, -4/38 HPs)
             Began as a Vine Stalker Brigand on July 25, 2021.
             Slain by a killer bee (5 damage)
             ... on level 7 of the Dungeon.
             The game lasted 00:05:46 (3700 turns).

HAL9000 the Chucker (Vine Stalker Brigand)          Turns: 3700, Time: 00:05:46

Health: -4/38      AC:  8    Str: 14    XL:     8   Next: 57%
Magic:  0/9        EV: 11    Int: 13    God:
Gold:   208        SH:  0    Dex: 16    Spells: 7/7 levels left

rFire   . . .      SeeInvis .   a - +2 dagger
rCold   . . .      Faith    .   (no shield)
rNeg    + . .      Spirit   +   t - +3 leather armour {Will+}
rPois   .          Reflect  .   (no helmet)
rElec   .          Harm     .   c - +0 cloak
rCorr   .          Rampage  .   (no gloves)
Will    +....                   v - +0 pair of boots
Stlth   +++.......              h - amulet of regeneration
HPRegen 2.12/turn               j - ring of positive energy
MPRegen 0.11/turn               u - +4 ring of slaying

@: lethally poisoned (-4 -> -7), weak-willed, marked
A: fangs 3, regeneration 1, magic shield, antimagic bite, no potion heal 2
a: no special abilities


You were on level 7 of the Dungeon.
You visited 1 branch of the dungeon, and saw 6 of its levels.

You collected 208 gold pieces.

Inventory:

Hand Weapons
 a - a +2 dagger (weapon)
Missiles
 d - 33 poisoned darts (quivered)
 e - 2 curare-tipped darts
 l - a boomerang
Armour
 b - a +0 robe
 c - a +0 cloak (worn)
 t - a +3 leather armour of willpower (worn)
 v - a +0 pair of boots (worn)
Jewellery
 h - an amulet of regeneration (around neck)
 j - a ring of positive energy (left hand)
 u - a +4 ring of slaying (right hand)
 w - a ring of ice
Wands
 n - a wand of flame (7)
 o - a wand of polymorph (5)
 s - a wand of iceblast (7)
Scrolls
 m - a scroll of enchant weapon {unknown}
 p - a scroll of torment {unknown}
 q - a scroll of magic mapping {unknown}
 r - a scroll of identify {unknown}
 x - 2 scrolls of teleportation {unknown}
Potions
 i - a potion of haste
 k - a potion of curing {unknown}


   Skills:
 - Level 1.7 Fighting
 + Level 5.9 Short Blades
 - Level 7.5 Throwing
 - Level 0.7 Dodging
 - Level 4.8 Stealth


You had 7 spell levels left.
You didn't know any spells.
Your spell library was empty.

Dungeon Overview and Level Annotations

Branches:
Dungeon (7/15)
 Temple: D:4-7

Altars:
The Shining One

Annotations:
D:7 Prince Ribbit


Innate Abilities, Weirdness & Mutations

You have razor-sharp teeth.
Your natural rate of healing is unusually fast.
When hurt, damage is shared between your health and your magic reserves.
Your bite disrupts and absorbs the magic of your enemies.
Potions cannot restore your health.


Message History

You are poisoned.
The killer bee poisons you!
You closely miss the killer bee.
You feel sick. The killer bee completely misses you.
The killer bee stings you but does no damage.
You feel sick. The killer bee stings you.
Prince Ribbit croaks regally.
The killer bee stings you.
You are more poisoned.
The killer bee poisons you!
Prince Ribbit blinks!
The killer bee stings you but does no damage. x2
You feel very sick.
You barely miss Prince Ribbit. You bite Prince Ribbit!
Prince Ribbit's magic leaks into the air.
You drain his magic.
You feel invigorated.
Prince Ribbit is moderately wounded.
You feel very sick. The killer bee stings you.
Prince Ribbit falters for a moment.
The killer bee closely misses you. The killer bee stings you. x2
You are more poisoned.
The killer bee poisons you!
As you read the scroll labelled FAPHOGH BASOEBLAI, it crumbles to dust.
Magic quickly surges around you.
It was a scroll of vulnerability.
You feel very sick. The killer bee closely misses you.
The killer bee stings you.
You are more poisoned.
The killer bee poisons you! The killer bee stings you. Prince Ribbit hits you!
* * * LOW HITPOINT WARNING * * *
The killer bee stings you but does no damage. x3
Prince Ribbit closely misses you.
As you read the scroll labelled MIENUZ XUSTUD, it crumbles to dust.
You hear a loud clanging noise!
It was a scroll of noise.
* * * LOW HITPOINT WARNING * * *
You feel very sick.
You hear a shout! x4
The killer bee barely misses you. x2
The killer bee stings you but does no damage.
The killer bee stings you!
You die...

#### #...#####
........#
.....[..##
....<....#
.......y########
.......y@F.....#
....##.y######.#
........# ##.##
######+##
##†..####
##<#.#...#
#.##.....#
##.###...#
##.#...######
+............


You could see Prince Ribbit (weak-willed) and 3 killer bees.

Vanquished Creatures
  Pikel (D:3)
  Eustachio (D:4)
  A vampire mosquito (D:7)
  Menkaure (D:4)
  A necrophage (D:7)
  Blork the orc (D:4)
  A bullfrog (D:7)
  2 iguanas (D:4)
  Terence (D:3)
  Ijyb (D:4)
  A hound skeleton (D:4)
  6 adders
  A worm (D:2)
  An adder skeleton (D:4)
  4 orcs (D:3)
  A ball python (D:4)
  4 bats
  11 endoplasms
  4 giant cockroaches
  6 goblins
  5 hobgoblins
  6 jackals
  9 kobolds
  2 quokkas
  2 frilled lizards
  6 rats
80 creatures vanquished.

Notes
Turn   | Place    | Note
-------+----------+-------------------------------------------
     0 | D:1      | HAL9000 the Vine Stalker Brigand began the quest for the
                  | Orb.
     0 | D:1      | Reached XP level 1. HP: 11/11 MP: 2/2
    43 | D:1      | Reached skill level 2 in Throwing
   256 | D:1      | Reached XP level 2. HP: 15/15 MP: 3/3
   647 | D:1      | Reached skill level 3 in Throwing
   668 | D:1      | Reached XP level 3. HP: 18/18 MP: 4/4
  1452 | D:2      | Gained mutation: Your natural rate of healing is unusually
                  | fast. [Vine Stalker growth]
  1452 | D:2      | Reached XP level 4. HP: 23/23 MP: 5/5
  1512 | D:2      | Found a faded altar of an unknown god.
  1778 | D:3      | Reached skill level 4 in Throwing
  2304 | D:3      | Found a glowing golden altar of the Shining One.
  2334 | D:3      | Reached XP level 5. HP: 26/26 MP: 6/6
  2561 | D:3      | Noticed Terence
  2572 | D:3      | Killed Terence
  2854 | D:4      | Noticed Pikel
  2854 | D:4      | Noticed a lemure
  2854 | D:4      | Noticed a lemure
  2855 | D:4      | Noticed a lemure
  2869 | D:4      | Noticed a lemure
  2937 | D:3      | Killed Pikel
  2938 | D:3      | Reached skill level 7 in Throwing
  2938 | D:3      | Reached XP level 6. HP: 30/30 MP: 4/7
  2938 | D:3      | Reached XP level 7. HP: 34/34 MP: 4/8
  3075 | D:4      | Noticed Ijyb
  3092 | D:4      | Killed Ijyb
  3242 | D:4      | Noticed Menkaure
  3263 | D:4      | Killed Menkaure
  3283 | D:4      | Noticed Eustachio
  3307 | D:4      | Killed Eustachio
  3308 | D:4      | Gained mutation: You have razor-sharp teeth. [Vine Stalker
                  | growth]
  3308 | D:4      | Reached XP level 8. HP: 34/38 MP: 6/9
  3591 | D:4      | Noticed Blork the orc
  3605 | D:4      | Killed Blork the orc
  3606 | D:4      | You fall into a shaft and drop 3 floors!
  3615 | D:7      | Reached skill level 5 in Short Blades
  3693 | D:7      | Noticed Prince Ribbit
  3700 | D:7      | HP: 1/38 [poisoned by a killer bee]
  3700 | D:7      | Slain by a killer bee

Illustrated notes

Levels and vault maps discovered:
D:1:      evilmike_arrival_hilbert_curve, layout_loops_ring
D:2:      layout_basic, shapermc_ecumenical_altar_acropolis
D:3:      layout_loops_cross, nicolae_overflow_crystal_walls, uniq_terence
D:4:      layout_rooms, mainiacjoe_overflow_alcove_1,
          hangedman_decor_diamond_cutter, uniq_eustachio, uniq_pikel,
          uniq_menkaure, uniq_blork_the_orc, uniq_ijyb
D:6:      minmay_goblin_kobold_castle, layout_layer_cave, vehumet_crystals,
          minmay_temple_entry_tees, enter_ossuary_2
D:7:      layout_loops_corners, overflow_temple_1_default, serial_shops,
          nicolae_lakefront_shop, uniq_prince_ribbit1

Skill      XL: |  1  2  3  4  5  6  7  8 |
---------------+-------------------------+-----
Throwing       | 2 3 4 7 |  7.5
Short Blades   | 4 5 |  5.9
Fighting       | |  1.7
Dodging        | |  0.7
Stealth        | |  4.8

Action                   |  1- 3 |  4- 6 |  7- 9 || total
-------------------------+-------+-------+-------++-------
Melee: Dagger            |    95 |    81 |    82 ||   258
       Bite              |    24 |    20 |    31 ||    75
Throw: Dart              |    13 |    22 |    22 ||    57
       Boomerang         |       |     5 |       ||     5
  Use: Scroll            |       |       |     2 ||     2
 Stab: Sleeping          |     6 |     6 |       ||    12
Armor: Robe              |    25 |    10 |     1 ||    36
       Leather armour    |       |       |    22 ||    22
Dodge: Dodged            |    50 |    35 |    41 ||   126

Table legend: (Time is in decaauts)
 A = Elapsed time spent in this place.
 B = Non-inter-level travel time spent in this place.
 C = Inter-level travel time spent in this place.
 D = Time resting spent in this place.
 E = Time spent auto-exploring this place.
 F = Levels seen in this place.
 G = Mean time per level.
                   A        B        C        D        E       F      G
               +--------+--------+--------+--------+--------+-----+--------+
         Total |   3660 |   3445 |    215 |    490 |   2232 |   6 |  610.0 |
       Dungeon |   3660 |   3445 |    215 |    490 |   2232 |   6 |  610.0 |
               +--------+--------+--------+--------+--------+-----+--------+

Top non-repeatable levels by time:
     D:1: 1133 daAuts
     D:3: 1094 daAuts
     D:2: 706 daAuts
     D:4: 637 daAuts
     D:7: 83 daAuts
     D:6: 6 daAuts
